Knights vs Atomiques
Created - January 4, 2019 at 19:49
Goals
|
| Knights |
1 |
2 |
1 |
0 |
1 |
5 |
| Atomiques |
1 |
2 |
1 |
0 |
0 |
4 |
|
Shots
|
| Knights |
15 |
15 |
14 |
1 |
3 |
45 |
| Atomiques |
6 |
4 |
11 |
1 |
3 |
22 |
|
1st period
1. Knights , Brendan Gaunce 9 (Linden Vey 19, Zach Trotman 5) at 13:24
2. Atomiques , Ryan Shannon 12 (Rickard Rakell 17, Rasmus Ristolainen 38) at 17:23
Penalties :
Noel Acciari (Lon) for Hooking (Minor) at 3:46
2nd period
3. Knights , Valentin Zykov 3 (Tomas Kundratek 14, Linden Vey 20) at 1:26
4. Atomiques , Ryan Shannon 13 (Rasmus Ristolainen 39, Rickard Rakell 18) at 1:39
5. Knights , Brendan Gaunce 10 (Valentin Zykov 5, Jaccob Slavin 21) at 16:03
6. Atomiques , Ryan Shannon 14 (Rickard Rakell 19) at 16:17
Penalties :
No Penalty
3rd period
7. Atomiques , Bobby Farnham 7 (Colby Cohen 9) at 3:18
8. Knights , Jordan Martinook 6 (Brendan Gaunce 7) at 15:31 (PP)
Penalties :
Corey Tropp (STB) for Hooking (Minor) at 1:02, Tyler Brenner (STB) for Holding (Minor) at 6:58, Dwight King (STB) for Roughing (Minor) at 14:24, Dwight King (STB) for Slashing (Minor) at 19:05
Overtime #1
No Goal
Penalties :
No Penalty
Shootout
Knights, Michael Raffl - Shot Hit the Post
Atomiques, Dwight King - Stopped by Ben Scrivens
Knights, Noel Acciari - Stopped by Jeff Frazee
Atomiques, Ryan Shannon - Stopped by Ben Scrivens
Knights, Pavel Buchnevich - Goal!
Atomiques, Jack Skille - Stopped by Ben Scrivens
Penalties :
No Penalty
Goalie Stats
Ben Scrivens (Lon), 18 saves from 22 shots - (0.818), W, 14-5-3, 65:00 minutes
Jeff Frazee (STB), 41 saves from 45 shots - (0.911), OTL, 4-4-1, 65:00 minutes
Players Stats for Knights
Player Name G A P +/- PIM S H SB GA TA FO MP PP MP PK MP
------------------------------------------------------------------------------------
Andreas Athanasiou 0 0 0 -1 0 2 1 0 0 0 0/0 8:55 0:00 0:13
Brandon Saad 0 0 0 -2 0 1 1 0 1 0 0/1 20:02 3:12 0:15
Brendan Gaunce 2 1 3 3 0 2 1 0 0 0 1/2 10:31 0:11 0:46
Collin Miller 0 0 0 1 0 1 2 0 1 0 0/0 15:10 0:00 0:00
Jaccob Slavin 0 1 1 -1 0 4 0 2 1 1 0/0 26:11 4:46 0:47
Jared Spurgeon 0 0 0 -2 0 3 2 1 2 0 0/0 30:59 4:46 0:47
Jordan Martinook 1 0 1 -1 0 3 2 1 0 0 0/0 9:14 0:11 0:00
Josh Bailey 0 0 0 -1 0 4 3 0 2 0 0/0 19:36 2:16 0:00
Linden Vey 0 2 2 3 0 3 1 0 2 0 1/2 12:08 0:19 1:00
Michael Matheson 0 0 0 0 0 0 3 0 0 2 0/0 19:10 1:13 1:12
Michael Raffl 0 0 0 -1 0 3 0 0 0 0 1/1 23:26 2:36 1:00
Miro Aaltonen 0 0 0 -2 0 9 0 0 0 0 15/29 20:32 3:12 0:00
Noel Acciari 0 0 0 -1 2 3 2 1 0 0 13/27 22:48 2:36 0:00
Pavel Buchnevich 0 0 0 -2 0 0 2 1 1 1 1/1 20:12 2:47 0:00
Tom Wilson 0 0 0 -1 0 1 2 0 0 1 0/1 11:13 0:37 0:44
Tomas Kundratek 0 1 1 -1 0 1 2 2 1 2 0/0 23:53 1:13 1:12
Valentin Zykov 1 1 2 3 0 3 1 0 0 0 0/0 9:23 0:00 0:00
Zach Trotman 0 1 1 1 0 2 1 0 0 0 0/0 14:37 0:00 0:00
Players Stats for Atomiques
Player Name G A P +/- PIM S H SB GA TA FO MP PP MP PK MP
------------------------------------------------------------------------------------
Bobby Farnham 1 0 1 1 0 1 1 0 1 1 0/1 16:30 0:00 0:00
Colby Cohen 0 1 1 0 0 0 0 2 1 1 0/0 16:40 0:28 0:00
Corey Tropp 0 0 0 0 2 2 3 1 0 0 0/0 13:07 0:00 0:00
Dalton Smith 0 0 0 -2 0 0 2 0 0 0 0/1 16:03 0:56 0:12
Davis Drewiske 0 0 0 1 0 0 1 1 0 1 0/0 24:13 0:14 4:24
Dwight King 0 0 0 2 4 6 1 0 2 1 1/11 21:50 1:03 2:42
Eric Mestery 0 0 0 1 0 0 1 1 0 1 0/0 19:39 0:43 2:40
Jack Skille 0 0 0 -2 0 0 1 0 2 0 2/2 17:39 0:56 0:57
Jacob De La Rose 0 0 0 0 0 0 0 1 0 0 0/1 2:23 0:00 0:00
Joseph Cramarossa 0 0 0 0 0 0 2 0 0 0 3/5 14:09 0:00 2:21
Lucas Wallmark 0 0 0 1 0 0 0 1 0 1 3/4 9:25 0:00 0:00
Matt Tennyson 0 0 0 0 0 3 1 1 0 0 0/0 29:09 1:16 4:24
Mike Halmo 0 0 0 1 0 0 2 0 0 0 0/0 9:37 0:00 0:27
Rasmus Ristolainen 0 2 2 0 0 0 1 1 0 1 0/0 23:58 1:17 2:40
Rickard Rakell 0 3 3 2 0 1 2 2 1 1 15/28 22:24 1:03 2:01
Ryan Shannon 3 0 3 2 0 6 0 0 0 0 3/4 23:34 1:03 4:23
Tyler Brenner 0 0 0 -2 2 1 1 0 0 1 5/7 16:11 0:56 0:00
Wiley Sherman 0 0 0 0 0 2 1 1 0 2 0/0 16:21 0:00 0:00
3 Stars
1 - Brendan Gaunce (Lon)
2 - Ryan Shannon (STB)
3 - Valentin Zykov (Lon)
Power Play
Knights - 1 on 4 Attempt(s) - 25.00%
Atomiques - 0 on 1 Attempt(s) - 0.00%
Penalty Kill
Knights - 1 on 1 Attempt(s) - 100.00%
- Score 0 goal in Penalty Kill
Atomiques - 3 on 4 Attempt(s) - 75.00%
- Score 0 goal in Penalty Kill
Team Stat
Knights - Hits : 26 - Faceoff Wins : 32 - Blocked Shots : 8 - Penalty Minutes : 2
Atomiques - Hits : 20 - Faceoff Wins : 32 - Blocked Shots : 12 - Penalty Minutes : 8
Official
Referees : Unknown
Linesman : Unknown
Game Notes
Jacob De La Rose is injured at 11:03 of 1st period (Bruised Right Shoulder)
Ryan Shannon has scored a Hat Trick!
4:51 of 3rd period - Knights goal is going for a video replay. After video review, No Goal. The net was displaced accidentally.
Finance
Level 1 -- Attendance: 1469 (73.45%) -- Ticket Income $58,760
Level 2 -- Attendance: 713 (71.30%) -- Ticket Income $14,260
Total Attendance: 2182 (72.73%)
Total Ticket Income: $73,020
Other Income: $3,651
Total Income: $76,671
Knights
5 vs 5 Forward
Center Left Wing Right Wing Time % Phy DF OF
1 Noel Acciari Michael Raffl Josh Bailey 36 1 2 2
2 Miro Aaltonen Brandon Saad Pavel Buchnevich 35 1 2 2
3 Brendan Gaunce Valentin Zykov Linden Vey 15 1 2 2
4 Andreas Athanasiou Jordan Martinook Tom Wilson 14 1 2 2
5 vs 5 Defense
Defense Defense Time % Phy DF OF
1 Jared Spurgeon Tomas Kundratek 40 1 2 2
2 Michael Matheson Jaccob Slavin 30 1 1 3
3 Zach Trotman Collin Miller 20 1 2 2
4 Jared Spurgeon Jaccob Slavin 10 1 2 2
PowerPlay Forward
Center Left Wing Right Wing Time % Phy DF OF
1 Noel Acciari Michael Raffl Pavel Buchnevich 60 1 1 3
2 Miro Aaltonen Brandon Saad Josh Bailey 40 1 1 3
PowerPlay Defense
Defense Defense Time % Phy DF OF
1 Jaccob Slavin Jared Spurgeon 60 0 1 4
2 Michael Matheson Tomas Kundratek 40 0 1 4
Penalty Kill 4 Players Forward
Center Wing Time % Phy DF OF
1 Linden Vey Michael Raffl 60 1 3 1
2 Noel Acciari Tom Wilson 40 1 3 1
Penalty Kill 4 Players Defense
Defense Defense Time % Phy DF OF
1 Michael Matheson Tomas Kundratek 60 1 3 1
2 Jared Spurgeon Jaccob Slavin 40 1 3 1
Penalty Kill - 3 Players Forward
Forward Time % Phy DF OF
1 Michael Raffl 60 0 4 1
2 Linden Vey 40 0 4 1
Penalty Kill - 3 Players Defense
Defense Defense Time % Phy DF OF
1 Tomas Kundratek Jared Spurgeon 60 1 3 1
2 Jaccob Slavin Zach Trotman 40 1 3 1
4 vs 4 Forward
Center Wing Time % Phy DF OF
1 Noel Acciari Michael Raffl 60 1 2 2
2 Miro Aaltonen Pavel Buchnevich 40 1 2 2
4 vs 4 Defense
Defense Defense Time % Phy DF OF
1 Jared Spurgeon Jaccob Slavin 60 1 2 2
2 Michael Matheson Tomas Kundratek 40 1 2 2
Last Minutes Offensive
Center Left Wing Right Wing Defense Defense
Miro Aaltonen Michael Raffl Pavel Buchnevich Jared Spurgeon Jaccob Slavin
Last Minutes Defensive
Center Left Wing Right Wing Defense Defense
Noel Acciari Michael Raffl Josh Bailey Tomas Kundratek Jared Spurgeon
Goaltenders
Starting : Ben Scrivens
Backup : Magnus Hellberg
Extra Forwards
Normal : Tom Wilson, Linden Vey, Michael Raffl - PP : Tom Wilson, Michael Raffl - PK : Michael Raffl
Extra Defensemen
Normal : Jaccob Slavin, Jared Spurgeon, Michael Matheson - PP : Jaccob Slavin - PK : Jaccob Slavin, Jared Spurgeon
Penalty Shots
Michael Raffl, Noel Acciari, Pavel Buchnevich, Tom Wilson, Linden Vey
Scratches
Zach Nastasiuk (Healthy), Cody Bass (Healthy), Alan Quine (Healthy), Matt Puempel (Healthy), David Shields (Healthy)
Matthew Benning (Healthy), Matt Grzelcyk (Healthy), Trevor Moore (Healthy), Scott Wilson (Healthy), Curtis Valk (Healthy)
Anthony Louis (Healthy), Ludwig Bystrom (Healthy), Brett Connolly (Healthy), Travis Boyd (Healthy), Nicolas Petan (Healthy)
Anton Blidh (Healthy), A.J. Jenks (Healthy), Connor Knapp (Healthy), Eamon McAdam (Healthy), Philippe Desrosiers (Healthy)
Ville Husso (Healthy)
Atomiques
5 vs 5 Forward
Center Left Wing Right Wing Time % Phy DF OF
1 Rickard Rakell Dwight King Ryan Shannon 40 1 2 2
2 Tyler Brenner Dalton Smith Jack Skille 30 1 2 2
3 Jacob De La Rose Joseph Cramarossa Corey Tropp 20 1 2 2
4 Lucas Wallmark Mike Halmo Bobby Farnham 10 1 2 2
5 vs 5 Defense
Defense Defense Time % Phy DF OF
1 Matt Tennyson Rasmus Ristolainen 40 1 2 2
2 Davis Drewiske Eric Mestery 30 1 2 2
3 Colby Cohen Wiley Sherman 20 1 2 2
4 Matt Tennyson Davis Drewiske 10 1 2 2
PowerPlay Forward
Center Left Wing Right Wing Time % Phy DF OF
1 Rickard Rakell Dwight King Ryan Shannon 60 1 2 2
2 Tyler Brenner Dalton Smith Jack Skille 40 1 2 2
PowerPlay Defense
Defense Defense Time % Phy DF OF
1 Matt Tennyson Rasmus Ristolainen 60 1 2 2
2 Rasmus Ristolainen Eric Mestery 40 1 2 2
Penalty Kill 4 Players Forward
Center Wing Time % Phy DF OF
1 Dwight King Ryan Shannon 60 1 2 2
2 Jack Skille Rickard Rakell 40 1 2 2
Penalty Kill 4 Players Defense
Defense Defense Time % Phy DF OF
1 Matt Tennyson Davis Drewiske 60 1 2 2
2 Rasmus Ristolainen Eric Mestery 40 1 2 2
Penalty Kill - 3 Players Forward
Forward Time % Phy DF OF
1 Dwight King 60 1 2 2
2 Ryan Shannon 40 1 2 2
Penalty Kill - 3 Players Defense
Defense Defense Time % Phy DF OF
1 Matt Tennyson Davis Drewiske 60 1 2 2
2 Rasmus Ristolainen Eric Mestery 40 1 2 2
4 vs 4 Forward
Center Wing Time % Phy DF OF
1 Dwight King Ryan Shannon 60 1 2 2
2 Jack Skille Rickard Rakell 40 1 2 2
4 vs 4 Defense
Defense Defense Time % Phy DF OF
1 Matt Tennyson Davis Drewiske 60 1 2 2
2 Rasmus Ristolainen Eric Mestery 40 1 2 2
Last Minutes Offensive
Center Left Wing Right Wing Defense Defense
Rickard Rakell Dwight King Ryan Shannon Matt Tennyson Davis Drewiske
Last Minutes Defensive
Center Left Wing Right Wing Defense Defense
Rickard Rakell Dwight King Ryan Shannon Matt Tennyson Davis Drewiske
Goaltenders
Starting : Jeff Frazee
Backup : Jake Allen
Extra Forwards
Normal : Corey Tropp, Bobby Farnham, Joseph Cramarossa - PP : Corey Tropp, Bobby Farnham - PK : Joseph Cramarossa
Extra Defensemen
Normal : Colby Cohen, Wiley Sherman, Rasmus Ristolainen - PP : Colby Cohen - PK : Wiley Sherman, Rasmus Ristolainen
Penalty Shots
Dwight King, Ryan Shannon, Jack Skille, Rickard Rakell, Tyler Brenner
Scratches
Max McCormick (Healthy), Mitch Callahan (Healthy), John Draeger (Healthy), Carl Dahlstrom (Healthy), Eric Gustafsson (Healthy)
Anthony Nigro (Healthy), Francois Tremblay (Healthy)
% Time on Ice - Knights
Lines # - Real PCT - Wanted PCT - Time Play
Normal Forward
1 - 34% - 36% - 17:52
2 - 31% - 35% - 16:05
3 - 18% - 15% - 9:23
4 - 17% - 14% - 8:42
Normal Defense
1 - 39% - 40% - 20:04
2 - 29% - 30% - 14:52
3 - 28% - 20% - 14:37
4 - 5% - 10% - 2:29
PP Forward
1 - 47% - 60% - 2:47
2 - 53% - 40% - 3:12
PP Defense
1 - 80% - 60% - 4:46
2 - 20% - 40% - 1:13
PK Forward
1 - 63% - 60% - 1:15
2 - 37% - 40% - 0:44
PK Defense
1 - 61% - 60% - 1:12
2 - 39% - 40% - 0:47
PK3 Forward
1 - 0% - 60%
2 - 0% - 40%
PK3 Defense
1 - 0% - 60%
2 - 0% - 40%
44 Forward
1 - 75% - 60% - 3:45
2 - 25% - 40% - 1:15
44 Defense
1 - 59% - 60% - 2:58
2 - 41% - 40% - 2:02
Last Minute Offensive - 0:00
Last Minute Defensive - 0:00
Total
Forward - 65:00
Defense - 65:00
|
% Time on Ice - Atomiques
Lines # - Real PCT - Wanted PCT - Time Play
Normal Forward
1 - 31% - 40% - 16:16
2 - 29% - 30% - 15:06
3 - 22% - 20% - 11:30
4 - 18% - 10% - 9:10
Normal Defense
1 - 37% - 40% - 19:07
2 - 28% - 30% - 14:24
3 - 31% - 20% - 15:53
4 - 5% - 10% - 2:38
PP Forward
1 - 53% - 60% - 1:03
2 - 47% - 40% - 0:56
PP Defense
1 - 64% - 60% - 1:16
2 - 36% - 40% - 0:43
PK Forward
1 - 84% - 60% - 5:02
2 - 16% - 40% - 0:57
PK Defense
1 - 58% - 60% - 3:30
2 - 42% - 40% - 2:29
PK3 Forward
1 - 100% - 60% - 1:05
2 - 0% - 40% - 0:00
PK3 Defense
1 - 83% - 60% - 0:54
2 - 17% - 40% - 0:11
44 Forward
1 - 79% - 60% - 3:05
2 - 21% - 40% - 0:50
44 Defense
1 - 52% - 60% - 2:03
2 - 48% - 40% - 1:52
Last Minute Offensive - 0:00
Last Minute Defensive - 0:00
Total
Forward - 65:00
Defense - 65:00
|
Play-by-Play
1st period
0:01 of 1st period - Noel Acciari wins face-off versus Rickard Rakell in neutral zone.
0:19 of 1st period - Matt Tennyson is hit by Tomas Kundratek and loses puck.
0:36 of 1st period - Snap shot by Linden Vey.
0:36 of 1st period - Stopped by Jeff Frazee with a rebound.
0:59 of 1st period - Slapshot by Dwight King.
0:59 of 1st period - Stopped by Ben Scrivens with a rebound.
3:18 of 1st period - Off-side.
3:19 of 1st period - Lucas Wallmark wins face-off versus Miro Aaltonen in neutral zone.
3:35 of 1st period - Wrist shot by Brandon Saad.
3:35 of 1st period - Shot Misses the Net.
3:46 of 1st period - Minor Penalty to Noel Acciari for Hooking.
3:47 of 1st period - Rickard Rakell wins face-off versus Linden Vey in Knights zone.
3:50 of 1st period - Wrist shot by Ryan Shannon.
3:50 of 1st period - Deflect By Rickard Rakell.
3:50 of 1st period - Shot Misses the Net.
3:50 of 1st period - Puck is out of play.
3:51 of 1st period - Linden Vey wins face-off versus Rickard Rakell in Knights zone.
5:46 of 1st period - Penalty to Noel Acciari is over, Noel Acciari is back on ice.
6:02 of 1st period - Wrist shot by Linden Vey.
6:02 of 1st period - Stopped by Jeff Frazee with a rebound.
6:36 of 1st period - Davis Drewiske is hit by Pavel Buchnevich and loses puck.
7:21 of 1st period - Zach Trotman is hit by Corey Tropp and loses puck.
8:14 of 1st period - Jaccob Slavin is hit by Dwight King and loses puck.
8:37 of 1st period - Noel Acciari is hit by Bobby Farnham and loses puck.
8:50 of 1st period - Joseph Cramarossa is hit by Brendan Gaunce and loses puck.
9:05 of 1st period - Tyler Brenner is hit by Jordan Martinook and loses puck.
9:12 of 1st period - Andreas Athanasiou is hit by Dalton Smith and loses puck.
9:30 of 1st period - Tomas Kundratek is hit by Rickard Rakell and loses puck.
10:27 of 1st period - Rickard Rakell is hit by Andreas Athanasiou and loses puck.
10:55 of 1st period - Wrist shot by Corey Tropp.
10:55 of 1st period - Stopped by Ben Scrivens without a rebound.
10:56 of 1st period - Noel Acciari wins face-off versus Jacob De La Rose in Knights zone.
11:03 of 1st period - Snap shot by Noel Acciari.
11:03 of 1st period - Shot Blocked by Jacob De La Rose.
11:03 of 1st period - Jacob De La Rose from Atomiques is injured at 11:03 of 1st period (Bruised Right Shoulder).
11:04 of 1st period - Rickard Rakell wins face-off versus Brandon Saad in Atomiques zone.
11:29 of 1st period - Dalton Smith is hit by Valentin Zykov and loses puck.
11:54 of 1st period - Jaccob Slavin is hit by Corey Tropp and loses puck.
12:03 of 1st period - Snap shot by Corey Tropp.
12:03 of 1st period - Stopped by Ben Scrivens with a rebound.
12:31 of 1st period - Slapshot by Rasmus Ristolainen.
12:31 of 1st period - Shot Misses the Net.
12:41 of 1st period - Wrist shot by Noel Acciari.
12:41 of 1st period - Stopped by Jeff Frazee without a rebound.
12:42 of 1st period - Lucas Wallmark wins face-off versus Noel Acciari in Atomiques zone.
13:14 of 1st period - Snap shot by Dwight King.
13:14 of 1st period - Shot Misses the Net.
13:24 of 1st period - Snap shot by Linden Vey.
13:24 of 1st period - Deflect By Brendan Gaunce.
13:24 of 1st period - Goal by Brendan Gaunce - Knights : 1 - Atomiques : 0.
13:25 of 1st period - Rickard Rakell wins face-off versus Noel Acciari in neutral zone.
14:39 of 1st period - Wrist shot by Jordan Martinook.
14:39 of 1st period - Shot Misses the Net.
14:41 of 1st period - Snap shot by Andreas Athanasiou.
14:41 of 1st period - Stopped by Jeff Frazee with a rebound.
14:43 of 1st period - Slapshot by Jordan Martinook.
14:43 of 1st period - Stopped by Jeff Frazee with a rebound.
14:45 of 1st period - Snap shot by Jordan Martinook.
14:45 of 1st period - Shot Blocked by Rickard Rakell.
14:47 of 1st period - Wrist shot by Andreas Athanasiou.
14:47 of 1st period - Stopped by Jeff Frazee with a rebound.
14:57 of 1st period - Snap shot by Michael Raffl.
14:57 of 1st period - Stopped by Jeff Frazee with a rebound.
14:59 of 1st period - Slapshot by Jaccob Slavin.
14:59 of 1st period - Shot Blocked by Wiley Sherman.
15:23 of 1st period - Wrist shot by Tyler Brenner.
15:23 of 1st period - Shot Blocked by Jaccob Slavin.
16:10 of 1st period - Off-side.
16:11 of 1st period - Jack Skille wins face-off versus Miro Aaltonen in neutral zone.
16:41 of 1st period - Snap shot by Michael Raffl.
16:41 of 1st period - Stopped by Jeff Frazee with a rebound.
16:43 of 1st period - Slapshot by Jaccob Slavin.
16:43 of 1st period - Stopped by Jeff Frazee without a rebound.
16:44 of 1st period - Miro Aaltonen wins face-off versus Rickard Rakell in Atomiques zone.
16:47 of 1st period - Snap shot by Miro Aaltonen.
16:47 of 1st period - Stopped by Jeff Frazee with a rebound.
16:49 of 1st period - Slapshot by Jared Spurgeon.
16:49 of 1st period - Shot Misses the Net.
16:51 of 1st period - Backhand shot by Miro Aaltonen.
16:51 of 1st period - Stopped by Jeff Frazee without a rebound.
16:52 of 1st period - Miro Aaltonen wins face-off versus Rickard Rakell in Atomiques zone.
17:23 of 1st period - Snap shot by Ryan Shannon.
17:23 of 1st period - Goal by Ryan Shannon - Knights : 1 - Atomiques : 1.
17:24 of 1st period - Tyler Brenner wins face-off versus Noel Acciari in neutral zone.
17:49 of 1st period - Jared Spurgeon is hit by Rasmus Ristolainen and loses puck.
18:08 of 1st period - Slapshot by Noel Acciari.
18:08 of 1st period - Shot Misses the Net.
18:10 of 1st period - Slapshot by Noel Acciari.
18:10 of 1st period - Shot Misses the Net.
18:12 of 1st period - Wrist shot by Noel Acciari.
18:12 of 1st period - Stopped by Jeff Frazee with a rebound.
18:14 of 1st period - Snap shot by Michael Raffl.
18:14 of 1st period - Shot Blocked by Matt Tennyson.
18:16 of 1st period - Wrist shot by Josh Bailey.
18:16 of 1st period - Stopped by Jeff Frazee without a rebound.
18:17 of 1st period - Rickard Rakell wins face-off versus Miro Aaltonen in Atomiques zone.
18:28 of 1st period - Brandon Saad is hit by Rickard Rakell.
18:42 of 1st period - Slapshot by Jared Spurgeon.
18:42 of 1st period - Stopped by Jeff Frazee with a rebound.
18:48 of 1st period - Wrist shot by Tyler Brenner.
18:48 of 1st period - Shot Blocked by Jared Spurgeon.
19:04 of 1st period - Snap shot by Wiley Sherman.
19:04 of 1st period - Stopped by Ben Scrivens with a rebound.
19:06 of 1st period - Slapshot by Wiley Sherman.
19:06 of 1st period - Stopped by Ben Scrivens with a rebound.
19:08 of 1st period - Slapshot by Colby Cohen.
19:08 of 1st period - Shot Blocked by Jordan Martinook.
19:46 of 1st period - Dalton Smith is hit by Jared Spurgeon.
Goals for this period are 1 for Knights vs 1 for Atomiques.
Shots for this period are 15 for Knights vs 6 for Atomiques.
2nd period
0:01 of 2nd period - Rickard Rakell wins face-off versus Noel Acciari in neutral zone.
0:26 of 2nd period - Jared Spurgeon is hit by Joseph Cramarossa and loses puck.
0:49 of 2nd period - Wrist shot by Josh Bailey.
0:49 of 2nd period - Stopped by Jeff Frazee with a rebound.
0:51 of 2nd period - Slapshot by Michael Matheson.
0:51 of 2nd period - Deflect By Noel Acciari.
0:51 of 2nd period - Shot Blocked by Davis Drewiske.
0:51 of 2nd period - Puck is out of play.
0:52 of 2nd period - Miro Aaltonen wins face-off versus Dwight King in Atomiques zone.
1:05 of 2nd period - Wrist shot by Pavel Buchnevich.
1:05 of 2nd period - Shot Blocked by Rasmus Ristolainen.
1:22 of 2nd period - Slapshot by Linden Vey.
1:22 of 2nd period - Shot Misses the Net.
1:24 of 2nd period - Slapshot by Tomas Kundratek.
1:24 of 2nd period - Shot Misses the Net.
1:26 of 2nd period - Snap shot by Valentin Zykov.
1:26 of 2nd period - Goal by Valentin Zykov - Knights : 2 - Atomiques : 1.
1:27 of 2nd period - Miro Aaltonen wins face-off versus Rickard Rakell in neutral zone.
1:29 of 2nd period - Off-side.
1:30 of 2nd period - Rickard Rakell wins face-off versus Miro Aaltonen in neutral zone.
1:39 of 2nd period - Wrist shot by Ryan Shannon.
1:39 of 2nd period - Goal by Ryan Shannon - Knights : 2 - Atomiques : 2.
1:40 of 2nd period - Rickard Rakell wins face-off versus Miro Aaltonen in neutral zone.
1:55 of 2nd period - Slapshot by Michael Matheson.
1:55 of 2nd period - Shot Blocked by Rickard Rakell.
2:07 of 2nd period - Noel Acciari is hit by Tyler Brenner and loses puck.
2:14 of 2nd period - Snap shot by Tyler Brenner.
2:14 of 2nd period - Shot Misses the Net.
2:16 of 2nd period - Wrist shot by Tyler Brenner.
2:16 of 2nd period - Deflect By Jack Skille.
2:16 of 2nd period - Shot Misses the Net.
2:16 of 2nd period - Puck is out of play.
2:17 of 2nd period - Brendan Gaunce wins face-off versus Tyler Brenner in Knights zone.
2:48 of 2nd period - Off-side.
2:49 of 2nd period - Noel Acciari wins face-off versus Rickard Rakell in neutral zone.
2:59 of 2nd period - Wrist shot by Josh Bailey.
2:59 of 2nd period - Shot Misses the Net.
3:01 of 2nd period - Slapshot by Jaccob Slavin.
3:01 of 2nd period - Deflect By Noel Acciari.
3:01 of 2nd period - Shot Misses the Net.
3:01 of 2nd period - Puck is out of play.
3:02 of 2nd period - Miro Aaltonen wins face-off versus Rickard Rakell in Atomiques zone.
3:03 of 2nd period - Slapshot by Jared Spurgeon.
3:03 of 2nd period - Deflect By Ryan Shannon.
3:03 of 2nd period - Stopped by Jeff Frazee without a rebound.
3:04 of 2nd period - Miro Aaltonen wins face-off versus Rickard Rakell in Atomiques zone.
3:05 of 2nd period - Wrist shot by Brandon Saad.
3:05 of 2nd period - Stopped by Jeff Frazee without a rebound.
3:06 of 2nd period - Miro Aaltonen wins face-off versus Dwight King in Atomiques zone.
3:31 of 2nd period - Slapshot by Davis Drewiske.
3:31 of 2nd period - Shot Misses the Net.
6:23 of 2nd period - Wrist shot by Tyler Brenner.
6:23 of 2nd period - Shot Misses the Net.
6:25 of 2nd period - Snap shot by Jack Skille.
6:25 of 2nd period - Deflect By Tyler Brenner.
6:25 of 2nd period - Stopped by Ben Scrivens without a rebound.
6:26 of 2nd period - Miro Aaltonen wins face-off versus Tyler Brenner in Knights zone.
7:40 of 2nd period - Rasmus Ristolainen is hit by Linden Vey and loses puck.
8:17 of 2nd period - Davis Drewiske is hit by Collin Miller and loses puck.
8:24 of 2nd period - Michael Raffl is hit by Davis Drewiske and loses puck.
8:59 of 2nd period - Snap shot by Brandon Saad.
8:59 of 2nd period - Shot Blocked by Corey Tropp.
9:01 of 2nd period - Wrist shot by Miro Aaltonen.
9:01 of 2nd period - Stopped by Jeff Frazee without a rebound.
9:02 of 2nd period - Miro Aaltonen wins face-off versus Rickard Rakell in Atomiques zone.
9:56 of 2nd period - Wrist shot by Valentin Zykov.
9:56 of 2nd period - Stopped by Jeff Frazee without a rebound.
9:57 of 2nd period - Tyler Brenner wins face-off versus Miro Aaltonen in Atomiques zone.
10:28 of 2nd period - Noel Acciari is hit by Joseph Cramarossa and loses puck.
10:39 of 2nd period - Colby Cohen is hit by Zach Trotman and loses puck.
10:48 of 2nd period - Wrist shot by Jordan Martinook.
10:48 of 2nd period - Shot Blocked by Colby Cohen.
10:50 of 2nd period - Wrist shot by Jordan Martinook.
10:50 of 2nd period - Stopped by Jeff Frazee with a rebound.
12:12 of 2nd period - Wrist shot by Linden Vey.
12:12 of 2nd period - Stopped by Jeff Frazee without a rebound.
12:13 of 2nd period - Tyler Brenner wins face-off versus Miro Aaltonen in Atomiques zone.
12:32 of 2nd period - Tomas Kundratek is hit by Matt Tennyson and loses puck.
13:21 of 2nd period - Jared Spurgeon is hit by Eric Mestery and loses puck.
14:25 of 2nd period - Rickard Rakell is hit by Michael Matheson and loses puck.
14:46 of 2nd period - Valentin Zykov is hit by Mike Halmo and loses puck.
15:04 of 2nd period - Off-side.
15:05 of 2nd period - Tyler Brenner wins face-off versus Noel Acciari in neutral zone.
15:45 of 2nd period - Snap shot by Pavel Buchnevich.
15:45 of 2nd period - Shot Blocked by Colby Cohen.
15:57 of 2nd period - Snap shot by Valentin Zykov.
15:57 of 2nd period - Shot Misses the Net.
15:59 of 2nd period - Backhand shot by Jaccob Slavin.
15:59 of 2nd period - Deflect By Dwight King.
15:59 of 2nd period - Stopped by Jeff Frazee with a rebound.
16:01 of 2nd period - Snap shot by Valentin Zykov.
16:01 of 2nd period - Stopped by Jeff Frazee with a rebound.
16:03 of 2nd period - Wrist shot by Brendan Gaunce.
16:03 of 2nd period - Goal by Brendan Gaunce - Knights : 3 - Atomiques : 2.
16:04 of 2nd period - Ryan Shannon wins face-off versus Noel Acciari in neutral zone.
16:07 of 2nd period - Slapshot by Rasmus Ristolainen.
16:07 of 2nd period - Shot Hit the Post.
16:09 of 2nd period - Wrist shot by Rickard Rakell.
16:09 of 2nd period - Shot Misses the Net.
16:11 of 2nd period - Slapshot by Matt Tennyson.
16:11 of 2nd period - Stopped by Ben Scrivens without a rebound.
16:12 of 2nd period - Rickard Rakell wins face-off versus Noel Acciari in Knights zone.
16:15 of 2nd period - Wrist shot by Rickard Rakell.
16:15 of 2nd period - Shot Blocked by Tomas Kundratek.
16:17 of 2nd period - Wrist shot by Ryan Shannon.
16:17 of 2nd period - Goal by Ryan Shannon - Knights : 3 - Atomiques : 3.
16:18 of 2nd period - Rickard Rakell wins face-off versus Miro Aaltonen in neutral zone.
16:43 of 2nd period - Noel Acciari is hit by Dalton Smith.
17:32 of 2nd period - Off-side.
17:33 of 2nd period - Miro Aaltonen wins face-off versus Rickard Rakell in neutral zone.
17:36 of 2nd period - Slapshot by Tomas Kundratek.
17:36 of 2nd period - Stopped by Jeff Frazee without a rebound.
17:37 of 2nd period - Rickard Rakell wins face-off versus Miro Aaltonen in Atomiques zone.
17:48 of 2nd period - Wrist shot by Miro Aaltonen.
17:48 of 2nd period - Stopped by Jeff Frazee with a rebound.
17:52 of 2nd period - Snap shot by Miro Aaltonen.
17:52 of 2nd period - Stopped by Jeff Frazee with a rebound.
19:05 of 2nd period - Colby Cohen is hit by Michael Matheson and loses puck.
19:20 of 2nd period - Noel Acciari is hit by Jack Skille.
19:43 of 2nd period - Snap shot by Brandon Saad.
19:43 of 2nd period - Shot Misses the Net.
19:45 of 2nd period - Slapshot by Zach Trotman.
19:45 of 2nd period - Stopped by Jeff Frazee without a rebound.
19:46 of 2nd period - Rickard Rakell wins face-off versus Miro Aaltonen in Atomiques zone.
19:50 of 2nd period - Off-side.
19:51 of 2nd period - Pavel Buchnevich wins face-off versus Rickard Rakell in neutral zone.
Goals for this period are 2 for Knights vs 2 for Atomiques.
Shots for this period are 15 for Knights vs 4 for Atomiques.
3rd period
0:01 of 3rd period - Noel Acciari wins face-off versus Rickard Rakell in neutral zone.
0:46 of 3rd period - Slapshot by Corey Tropp.
0:46 of 3rd period - Shot Blocked by Tomas Kundratek.
1:02 of 3rd period - Minor Penalty to Corey Tropp for Hooking.
1:03 of 3rd period - Noel Acciari wins face-off versus Dwight King in Atomiques zone.
1:04 of 3rd period - Slapshot by Jared Spurgeon.
1:04 of 3rd period - Stopped by Jeff Frazee without a rebound.
1:05 of 3rd period - Noel Acciari wins face-off versus Dwight King in Atomiques zone.
1:14 of 3rd period - Slapshot by Matt Tennyson.
1:14 of 3rd period - Shot Blocked by Pavel Buchnevich.
1:16 of 3rd period - Snap shot by Dwight King.
1:16 of 3rd period - Stopped by Ben Scrivens with a rebound.
1:18 of 3rd period - Snap shot by Ryan Shannon.
1:18 of 3rd period - Stopped by Ben Scrivens without a rebound.
1:19 of 3rd period - Noel Acciari wins face-off versus Dwight King in Knights zone.
2:54 of 3rd period - Ryan Shannon is hit by Josh Bailey and loses puck.
3:02 of 3rd period - Penalty to Corey Tropp is over, Corey Tropp is back on ice.
3:06 of 3rd period - Icing by Noel Acciari.
3:07 of 3rd period - Lucas Wallmark wins face-off versus Noel Acciari in Knights zone.
3:18 of 3rd period - Wrist shot by Bobby Farnham.
3:18 of 3rd period - Goal by Bobby Farnham - Knights : 3 - Atomiques : 4.
3:19 of 3rd period - Miro Aaltonen wins face-off versus Rickard Rakell in neutral zone.
3:46 of 3rd period - Jack Skille is hit by Josh Bailey and loses puck.
3:53 of 3rd period - Wrist shot by Rasmus Ristolainen.
3:53 of 3rd period - Shot Misses the Net.
4:47 of 3rd period - Slapshot by Pavel Buchnevich.
4:47 of 3rd period - Shot Misses the Net.
4:49 of 3rd period - Wrist shot by Zach Trotman.
4:49 of 3rd period - Stopped by Jeff Frazee with a rebound.
4:51 of 3rd period - Wrist shot by Miro Aaltonen.
4:51 of 3rd period - Knights goal is going for a video replay.
4:51 of 3rd period - The goal is refused. The net was displaced accidentally..
4:52 of 3rd period - Rickard Rakell wins face-off versus Noel Acciari in Atomiques zone.
5:21 of 3rd period - Dalton Smith is hit by Jared Spurgeon and loses puck.
5:28 of 3rd period - Slapshot by Miro Aaltonen.
5:28 of 3rd period - Stopped by Jeff Frazee without a rebound.
5:29 of 3rd period - Tyler Brenner wins face-off versus Miro Aaltonen in Atomiques zone.
5:45 of 3rd period - Icing by Miro Aaltonen.
5:46 of 3rd period - Miro Aaltonen wins face-off versus Ryan Shannon in Knights zone.
6:14 of 3rd period - Snap shot by Miro Aaltonen.
6:14 of 3rd period - Stopped by Jeff Frazee without a rebound.
6:15 of 3rd period - Jack Skille wins face-off versus Noel Acciari in Atomiques zone.
6:20 of 3rd period - Slapshot by Matt Tennyson.
6:20 of 3rd period - Stopped by Ben Scrivens without a rebound.
6:21 of 3rd period - Rickard Rakell wins face-off versus Noel Acciari in Knights zone.
6:34 of 3rd period - Wrist shot by Ryan Shannon.
6:34 of 3rd period - Shot Misses the Net.
6:36 of 3rd period - Slapshot by Dwight King.
6:36 of 3rd period - Stopped by Ben Scrivens with a rebound.
6:56 of 3rd period - Snap shot by Miro Aaltonen.
6:56 of 3rd period - Stopped by Jeff Frazee with a rebound.
6:58 of 3rd period - Minor Penalty to Tyler Brenner for Holding.
6:59 of 3rd period - Noel Acciari wins face-off versus Dwight King in Atomiques zone.
7:02 of 3rd period - Snap shot by Noel Acciari.
7:02 of 3rd period - Stopped by Jeff Frazee with a rebound.
7:04 of 3rd period - Slapshot by Noel Acciari.
7:04 of 3rd period - Deflect By Davis Drewiske.
7:04 of 3rd period - Shot Misses the Net.
7:04 of 3rd period - Puck is out of play.
7:05 of 3rd period - Noel Acciari wins face-off versus Dwight King in Atomiques zone.
8:02 of 3rd period - Slapshot by Jaccob Slavin.
8:02 of 3rd period - Stopped by Jeff Frazee with a rebound.
8:04 of 3rd period - Slapshot by Jaccob Slavin.
8:04 of 3rd period - Deflect By Rasmus Ristolainen.
8:04 of 3rd period - Stopped by Jeff Frazee without a rebound.
8:05 of 3rd period - Noel Acciari wins face-off versus Dwight King in Atomiques zone.
8:20 of 3rd period - Slapshot by Michael Raffl.
8:20 of 3rd period - Stopped by Jeff Frazee with a rebound.
8:38 of 3rd period - Wrist shot by Rickard Rakell.
8:38 of 3rd period - Deflect By Pavel Buchnevich.
8:38 of 3rd period - Shot Misses the Net.
8:38 of 3rd period - Puck is out of play.
8:39 of 3rd period - Miro Aaltonen wins face-off versus Dwight King in Knights zone.
8:56 of 3rd period - Ryan Shannon is hit by Josh Bailey and loses puck.
8:58 of 3rd period - Penalty to Tyler Brenner is over, Tyler Brenner is back on ice.
9:09 of 3rd period - Colby Cohen is hit by Jordan Martinook and loses puck.
9:18 of 3rd period - Snap shot by Ryan Shannon.
9:18 of 3rd period - Stopped by Ben Scrivens without a rebound.
9:19 of 3rd period - Noel Acciari wins face-off versus Bobby Farnham in Knights zone.
9:30 of 3rd period - Snap shot by Corey Tropp.
9:30 of 3rd period - Shot Misses the Net.
9:32 of 3rd period - Slapshot by Matt Tennyson.
9:32 of 3rd period - Deflect By Bobby Farnham.
9:32 of 3rd period - Shot Misses the Net.
9:32 of 3rd period - Puck is out of play.
9:33 of 3rd period - Miro Aaltonen wins face-off versus Dalton Smith in Knights zone.
10:07 of 3rd period - Slapshot by Jared Spurgeon.
10:07 of 3rd period - Deflect By Josh Bailey.
10:07 of 3rd period - Stopped by Jeff Frazee without a rebound.
10:08 of 3rd period - Rickard Rakell wins face-off versus Miro Aaltonen in Atomiques zone.
10:23 of 3rd period - Wrist shot by Rickard Rakell.
10:23 of 3rd period - Stopped by Ben Scrivens with a rebound.
11:16 of 3rd period - Wrist shot by Dwight King.
11:16 of 3rd period - Stopped by Ben Scrivens with a rebound.
11:18 of 3rd period - Snap shot by Dwight King.
11:18 of 3rd period - Stopped by Ben Scrivens with a rebound.
11:32 of 3rd period - Jack Skille is hit by Pavel Buchnevich and loses puck.
11:48 of 3rd period - Off-side.
11:49 of 3rd period - Michael Raffl wins face-off versus Lucas Wallmark in neutral zone.
12:36 of 3rd period - Noel Acciari is hit by Mike Halmo.
13:26 of 3rd period - Colby Cohen is hit by Noel Acciari and loses puck.
13:56 of 3rd period - Wrist shot by Josh Bailey.
13:56 of 3rd period - Stopped by Jeff Frazee with a rebound.
13:58 of 3rd period - Wrist shot by Noel Acciari.
13:58 of 3rd period - Shot Misses the Net.
14:00 of 3rd period - Slapshot by Collin Miller.
14:00 of 3rd period - Shot Misses the Net.
14:02 of 3rd period - Wrist shot by Josh Bailey.
14:02 of 3rd period - Shot Misses the Net.
14:14 of 3rd period - Wrist shot by Josh Bailey.
14:14 of 3rd period - Shot Misses the Net.
14:16 of 3rd period - Wrist shot by Noel Acciari.
14:16 of 3rd period - Shot Blocked by Lucas Wallmark.
14:18 of 3rd period - Wrist shot by Josh Bailey.
14:18 of 3rd period - Shot Hit the Post.
14:20 of 3rd period - Slapshot by Collin Miller.
14:20 of 3rd period - Stopped by Jeff Frazee without a rebound.
14:21 of 3rd period - Rickard Rakell wins face-off versus Miro Aaltonen in Atomiques zone.
14:21 of 3rd period - Rickard Rakell is hit by Brandon Saad.
14:24 of 3rd period - Minor Penalty to Dwight King for Roughing.
14:25 of 3rd period - Joseph Cramarossa wins face-off versus Miro Aaltonen in Atomiques zone.
14:25 of 3rd period - Joseph Cramarossa is hit by Tom Wilson.
14:39 of 3rd period - Off-side.
14:40 of 3rd period - Miro Aaltonen wins face-off versus Joseph Cramarossa in neutral zone.
14:45 of 3rd period - Backhand shot by Jaccob Slavin.
14:45 of 3rd period - Shot Misses the Net.
14:51 of 3rd period - Snap shot by Ryan Shannon.
14:51 of 3rd period - Stopped by Ben Scrivens with a rebound.
14:53 of 3rd period - Wrist shot by Joseph Cramarossa.
14:53 of 3rd period - Shot Blocked by Jaccob Slavin.
15:31 of 3rd period - Snap shot by Jordan Martinook.
15:31 of 3rd period - Goal by Jordan Martinook - Knights : 4 - Atomiques : 4.
15:32 of 3rd period - Ryan Shannon wins face-off versus Brendan Gaunce in neutral zone.
15:37 of 3rd period - Wrist shot by Dwight King.
15:37 of 3rd period - Stopped by Ben Scrivens with a rebound.
15:57 of 3rd period - Miro Aaltonen is hit by Corey Tropp and loses puck.
16:47 of 3rd period - Valentin Zykov is hit by Wiley Sherman and loses puck.
17:52 of 3rd period - Dwight King is hit by Collin Miller and loses puck.
19:05 of 3rd period - Minor Penalty to Dwight King for Slashing.
19:06 of 3rd period - Ryan Shannon wins face-off versus Noel Acciari in Atomiques zone.
19:41 of 3rd period - Slapshot by Miro Aaltonen.
19:41 of 3rd period - Shot Blocked by Eric Mestery.
Goals for this period are 1 for Knights vs 1 for Atomiques.
Shots for this period are 14 for Knights vs 11 for Atomiques.
Overtime #1
0:01 of 1st overtime period - Joseph Cramarossa wins face-off versus Noel Acciari in neutral zone.
0:06 of 1st overtime period - Snap shot by Joseph Cramarossa.
0:06 of 1st overtime period - Shot Misses the Net.
0:08 of 1st overtime period - Slapshot by Matt Tennyson.
0:08 of 1st overtime period - Stopped by Ben Scrivens without a rebound.
0:09 of 1st overtime period - Joseph Cramarossa wins face-off versus Noel Acciari in Knights zone.
0:14 of 1st overtime period - Slapshot by Matt Tennyson.
0:14 of 1st overtime period - Deflect By Joseph Cramarossa.
0:14 of 1st overtime period - Shot Blocked by Noel Acciari.
0:14 of 1st overtime period - Puck is out of play.
0:15 of 1st overtime period - Noel Acciari wins face-off versus Joseph Cramarossa in Knights zone.
0:49 of 1st overtime period - Matt Tennyson is hit by Noel Acciari and loses puck.
1:05 of 1st overtime period - Penalty to Dwight King is over, Dwight King is back on ice.
1:22 of 1st overtime period - Snap shot by Tomas Kundratek.
1:22 of 1st overtime period - Deflect By Miro Aaltonen.
1:22 of 1st overtime period - Shot Misses the Net.
1:22 of 1st overtime period - Puck is out of play.
1:23 of 1st overtime period - Noel Acciari wins face-off versus Dwight King in Atomiques zone.
1:36 of 1st overtime period - Backhand shot by Ryan Shannon.
1:36 of 1st overtime period - Shot Misses the Net.
1:44 of 1st overtime period - Davis Drewiske is hit by Michael Matheson.
2:36 of 1st overtime period - Wrist shot by Tom Wilson.
2:36 of 1st overtime period - Stopped by Jeff Frazee without a rebound.
2:37 of 1st overtime period - Dwight King wins face-off versus Tom Wilson in Atomiques zone.
4:21 of 1st overtime period - Bobby Farnham is hit by Tom Wilson and loses puck.
4:38 of 1st overtime period - Dwight King is hit by Tomas Kundratek and loses puck.
Goals for this period are 0 for Knights vs 0 for Atomiques.
Shots for this period are 1 for Knights vs 1 for Atomiques.
ShootOut
5:00 of 1st overtime period - Round #1.
5:00 of 1st overtime period - Knights, Michael Raffl.
5:00 of 1st overtime period - Snap shot by Michael Raffl.
5:00 of 1st overtime period - Shot Hit the Post.
5:00 of 1st overtime period - Atomiques, Dwight King.
5:00 of 1st overtime period - Snap shot by Dwight King.
5:00 of 1st overtime period - Stopped by Ben Scrivens.
5:00 of 1st overtime period - Round #2.
5:00 of 1st overtime period - Knights, Noel Acciari.
5:00 of 1st overtime period - Backhand shot by Noel Acciari.
5:00 of 1st overtime period - Stopped by Jeff Frazee.
5:00 of 1st overtime period - Atomiques, Ryan Shannon.
5:00 of 1st overtime period - Backhand shot by Ryan Shannon.
5:00 of 1st overtime period - Stopped by Ben Scrivens.
5:00 of 1st overtime period - Round #3.
5:00 of 1st overtime period - Knights, Pavel Buchnevich.
5:00 of 1st overtime period - Wrist shot by Pavel Buchnevich.
5:00 of 1st overtime period - Goal by Pavel Buchnevich.
5:00 of 1st overtime period - Atomiques, Jack Skille.
5:00 of 1st overtime period - Backhand shot by Jack Skille.
5:00 of 1st overtime period - Stopped by Ben Scrivens.
Back to the Top